Workbook

Sheet 1 分区表
A2: Name | B2: Code | C2: C_Name | D2: 2026 OB/IB Zone | E2: combine name
A3: AFGHANISTAN | B3: AF | C3: 阿富汗 | D3: 9 | E3: =A3&" "&C3 -> AFGHANISTAN 阿富汗
A4: ALBANIA | B4: AL | C4: 阿尔巴尼亚 | D4: 9 | E4: =A4&" "&C4 -> ALBANIA 阿尔巴尼亚
A5: ALGERIA | B5: DZ | C5: 阿尔及利亚 | D5: 9 | E5: =A5&" "&C5 -> ALGERIA 阿尔及利亚
A6: AMERICAN SAMOA | B6: AS | C6: 美属萨摩亚 | D6: 9 | E6: =A6&" "&C6 -> AMERICAN SAMOA 美属萨摩亚
A7: ANDORRA | B7: AD | C7: 安道尔 | D7: 7 | E7: =A7&" "&C7 -> ANDORRA 安道尔
A8: ANGOLA | B8: AO | C8: 安哥拉 | D8: 9 | E8: =A8&" "&C8 -> ANGOLA 安哥拉
A9: ANGUILLA | B9: AI | C9: 安圭拉 | D9: 9 | E9: =A9&" "&C9 -> ANGUILLA 安圭拉
A10: ANTIGUA | B10: AG | C10: 安提瓜 | D10: 9 | E10: =A10&" "&C10 -> ANTIGUA 安提瓜
A11: ARGENTINA | B11: AR | C11: 阿根廷 | D11: 9 | E11: =A11&" "&C11 -> ARGENTINA 阿根廷
A12: ARMENIA | B12: AM | C12: 亚美尼亚 | D12: 9 | E12: =A12&" "&C12 -> ARMENIA 亚美尼亚
A13: ARUBA | B13: AW | C13: 阿鲁巴 | D13: 9 | E13: =A13&" "&C13 -> ARUBA 阿鲁巴
A14: AUSTRALIA | B14: AU | C14: 澳大利亚 | D14: 5 | E14: =A14&" "&C14 -> AUSTRALIA 澳大利亚
... A236: ZIMBABWE | B236: ZW | C236: 津巴布韦 | D236: 9 | E236: =A236&" "&C236 -> ZIMBABWE 津巴布韦

Sheet 2 出口基准价
A1: 2026 DHL EXPRESS WORLDWIDE PUBLISH RATE
A2: 2026 环球快递出口基准价格
A4: Documents up to 2.0 KG (2.0 KG 内文件)
A5: KG | C5: Zone 1 | D5: Zone 2 | E5: Zone 3 | F5: Zone 4 | G5: Zone 5 | H5: Zone 6 | I5: Zone 7 | J5: Zone 8 | K5: Zone 9
A6: 0.5 | C6: =[1]OB_PT勿删!C18 -> 194 | D6: =[1]OB_PT勿删!D18 -> 266 | E6: =[1]OB_PT勿删!E18 -> 258 | F6: =[1]OB_PT勿删!F18 -> 284 | G6: =[1]OB_PT勿删!G18 -> 406 | H6: =[1]OB_PT勿删!H18 -> 446 | I6: =[1]OB_PT勿删!I18 -> 466 | J6: =[1]OB_PT勿删!J18 -> 578 | K6: =[1]OB_PT勿删!K18 -> 816
A7: 1 | C7: =[1]OB_PT勿删!C19 -> 262 | D7: =[1]OB_PT勿删!D19 -> 372 | E7: =[1]OB_PT勿删!E19 -> 360 | F7: =[1]OB_PT勿删!F19 -> 391 | G7: =[1]OB_PT勿删!G19 -> 541 | H7: =[1]OB_PT勿删!H19 -> 629 | I7: =[1]OB_PT勿删!I19 -> 654 | J7: =[1]OB_PT勿删!J19 -> 795 | K7: =[1]OB_PT勿删!K19 -> 1090
A8: 1.5 | C8: =[1]OB_PT勿删!C20 -> 330 | D8: =[1]OB_PT勿删!D20 -> 478 | E8: =[1]OB_PT勿删!E20 -> 462 | F8: =[1]OB_PT勿删!F20 -> 499 | G8: =[1]OB_PT勿删!G20 -> 676 | H8: =[1]OB_PT勿删!H20 -> 812 | I8: =[1]OB_PT勿删!I20 -> 842 | J8: =[1]OB_PT勿删!J20 -> 1012 | K8: =[1]OB_PT勿删!K20 -> 1364
A9: 2 | C9: =[1]OB_PT勿删!C21 -> 398 | D9: =[1]OB_PT勿删!D21 -> 584 | E9: =[1]OB_PT勿删!E21 -> 564 | F9: =[1]OB_PT勿删!F21 -> 607 | G9: =[1]OB_PT勿删!G21 -> 811 | H9: =[1]OB_PT勿删!H21 -> 995 | I9: =[1]OB_PT勿删!I21 -> 1030 | J9: =[1]OB_PT勿删!J21 -> 1229 | K9: =[1]OB_PT勿删!K21 -> 1638
A11: Non-documents from 0.5 KG & Documents from 2.5 KG (0.5 KG 以上包裹和 2.5 KG 以上文件)
A12: KG | C12: Zone 1 | D12: Zone 2 | E12: Zone 3 | F12: Zone 4 | G12: Zone 5 | H12: Zone 6 | I12: Zone 7 | J12: Zone 8 | K12: Zone 9
A13: 0.5 | C13: =[1]OB_PT勿删!O18 -> 325 | D13: =[1]OB_PT勿删!P18 -> 440 | E13: =[1]OB_PT勿删!Q18 -> 411 | F13: =[1]OB_PT勿删!R18 -> 488 | G13: =[1]OB_PT勿删!S18 -> 491 | H13: =[1]OB_PT勿删!T18 -> 505 | I13: =[1]OB_PT勿删!U18 -> 642 | J13: =[1]OB_PT勿删!V18 -> 823 | K13: =[1]OB_PT勿删!W18 -> 1235
A14: 1 | C14: =[1]OB_PT勿删!O19 -> 395 | D14: =[1]OB_PT勿删!P19 -> 541 | E14: =[1]OB_PT勿删!Q19 -> 520 | F14: =[1]OB_PT勿删!R19 -> 595 | G14: =[1]OB_PT勿删!S19 -> 645 | H14: =[1]OB_PT勿删!T19 -> 670 | I14: =[1]OB_PT勿删!U19 -> 809 | J14: =[1]OB_PT勿删!V19 -> 1039 | K14: =[1]OB_PT勿删!W19 -> 1510
A15: 1.5 | C15: =[1]OB_PT勿删!O20 -> 465 | D15: =[1]OB_PT勿删!P20 -> 642 | E15: =[1]OB_PT勿删!Q20 -> 629 | F15: =[1]OB_PT勿删!R20 -> 702 | G15: =[1]OB_PT勿删!S20 -> 799 | H15: =[1]OB_PT勿删!T20 -> 835 | I15: =[1]OB_PT勿删!U20 -> 976 | J15: =[1]OB_PT勿删!V20 -> 1255 | K15: =[1]OB_PT勿删!W20 -> 1785
A16: 2 | C16: =[1]OB_PT勿删!O21 -> 535 | D16: =[1]OB_PT勿删!P21 -> 743 | E16: =[1]OB_PT勿删!Q21 -> 738 | F16: =[1]OB_PT勿删!R21 -> 809 | G16: =[1]OB_PT勿删!S21 -> 953 | H16: =[1]OB_PT勿删!T21 -> 1000 | I16: =[1]OB_PT勿删!U21 -> 1143 | J16: =[1]OB_PT勿删!V21 -> 1471 | K16: =[1]OB_PT勿删!W21 -> 2060
A17: 2.5 | C17: =[1]OB_PT勿删!O22 -> 605 | D17: =[1]OB_PT勿删!P22 -> 844 | E17: =[1]OB_PT勿删!Q22 -> 847 | F17: =[1]OB_PT勿删!R22 -> 918 | G17: =[1]OB_PT勿删!S22 -> 1107 | H17: =[1]OB_PT勿删!T22 -> 1164 | I17: =[1]OB_PT勿删!U22 -> 1310 | J17: =[1]OB_PT勿删!V22 -> 1687 | K17: =[1]OB_PT勿删!W22 -> 2335
A18: 3 | C18: =[1]OB_PT勿删!O23 -> 673 | D18: =[1]OB_PT勿删!P23 -> 944 | E18: =[1]OB_PT勿删!Q23 -> 947 | F18: =[1]OB_PT勿删!R23 -> 1022 | G18: =[1]OB_PT勿删!S23 -> 1254 | H18: =[1]OB_PT勿删!T23 -> 1323 | I18: =[1]OB_PT勿删!U23 -> 1487 | J18: =[1]OB_PT勿删!V23 -> 1903 | K18: =[1]OB_PT勿删!W23 -> 2609
A19: 3.5 | C19: =[1]OB_PT勿删!O24 -> 741 | D19: =[1]OB_PT勿删!P24 -> 1044 | E19: =[1]OB_PT勿删!Q24 -> 1047 | F19: =[1]OB_PT勿删!R24 -> 1126 | G19: =[1]OB_PT勿删!S24 -> 1401 | H19: =[1]OB_PT勿删!T24 -> 1482 | I19: =[1]OB_PT勿删!U24 -> 1664 | J19: =[1]OB_PT勿删!V24 -> 2119 | K19: =[1]OB_PT勿删!W24 -> 2883
A20: 4 | C20: =[1]OB_PT勿删!O25 -> 809 | D20: =[1]OB_PT勿删!P25 -> 1144 | E20: =[1]OB_PT勿删!Q25 -> 1147 | F20: =[1]OB_PT勿删!R25 -> 1230 | G20: =[1]OB_PT勿删!S25 -> 1548 | H20: =[1]OB_PT勿删!T25 -> 1641 | I20: =[1]OB_PT勿删!U25 -> 1841 | J20: =[1]OB_PT勿删!V25 -> 2335 | K20: =[1]OB_PT勿删!W25 -> 3157
A21: 4.5 | C21: =[1]OB_PT勿删!O26 -> 877 | D21: =[1]OB_PT勿删!P26 -> 1244 | E21: =[1]OB_PT勿删!Q26 -> 1247 | F21: =[1]OB_PT勿删!R26 -> 1334 | G21: =[1]OB_PT勿删!S26 -> 1695 | H21: =[1]OB_PT勿删!T26 -> 1800 | I21: =[1]OB_PT勿删!U26 -> 2018 | J21: =[1]OB_PT勿删!V26 -> 2551 | K21: =[1]OB_PT勿删!W26 -> 3431
A22: 5 | C22: =[1]OB_PT勿删!O27 -> 945 | D22: =[1]OB_PT勿删!P27 -> 1344 | E22: =[1]OB_PT勿删!Q27 -> 1347 | F22: =[1]OB_PT勿删!R27 -> 1438 | G22: =[1]OB_PT勿删!S27 -> 1842 | H22: =[1]OB_PT勿删!T27 -> 1959 | I22: =[1]OB_PT勿删!U27 -> 2195 | J22: =[1]OB_PT勿删!V27 -> 2767 | K22: =[1]OB_PT勿删!W27 -> 3705
A23: 5.5 | C23: =[1]OB_PT勿删!O28 -> 1009 | D23: =[1]OB_PT勿删!P28 -> 1439 | E23: =[1]OB_PT勿删!Q28 -> 1445 | F23: =[1]OB_PT勿删!R28 -> 1541 | G23: =[1]OB_PT勿删!S28 -> 1975 | H23: =[1]OB_PT勿删!T28 -> 2118 | I23: =[1]OB_PT勿删!U28 -> 2355 | J23: =[1]OB_PT勿删!V28 -> 2961 | K23: =[1]OB_PT勿删!W28 -> 3952
A24: 6 | C24: =[1]OB_PT勿删!O29 -> 1073 | D24: =[1]OB_PT勿删!P29 -> 1534 | E24: =[1]OB_PT勿删!Q29 -> 1543 | F24: =[1]OB_PT勿删!R29 -> 1644 | G24: =[1]OB_PT勿删!S29 -> 2108 | H24: =[1]OB_PT勿删!T29 -> 2277 | I24: =[1]OB_PT勿删!U29 -> 2515 | J24: =[1]OB_PT勿删!V29 -> 3155 | K24: =[1]OB_PT勿删!W29 -> 4199
... A72: 30 | C72: =[1]OB_PT勿删!O77 -> 3385 | D72: =[1]OB_PT勿删!P77 -> 5814 | E72: =[1]OB_PT勿删!Q77 -> 5887 | F72: =[1]OB_PT勿删!R77 -> 6328 | G72: =[1]OB_PT勿删!S77 -> 8172 | H72: =[1]OB_PT勿删!T77 -> 8609 | I72: =[1]OB_PT勿删!U77 -> 9395 | J72: =[1]OB_PT勿删!V77 -> 11447 | K72: =[1]OB_PT勿删!W77 -> 15495
A74: Multiplier rate per 1 KG from 30.1 KG (30.1 KG起，每1 KG 公斤单价)
A75: From | B75: To | C75: Zone 1 | D75: Zone 2 | E75: Zone 3 | F75: Zone 4 | G75: Zone 5 | H75: Zone 6 | I75: Zone 7 | J75: Zone 8 | K75: Zone 9
A76: 30.5 | B76: 70 | C76: =[1]OB_PT勿删!O13 -> 110 | D76: =[1]OB_PT勿删!P13 -> 189 | E76: =[1]OB_PT勿删!Q13 -> 191 | F76: =[1]OB_PT勿删!R13 -> 206 | G76: =[1]OB_PT勿删!S13 -> 264 | H76: =[1]OB_PT勿删!T13 -> 279 | I76: =[1]OB_PT勿删!U13 -> 304 | J76: =[1]OB_PT勿删!V13 -> 370 | K76: =[1]OB_PT勿删!W13 -> 500
A77: 70.5 | B77: 300 | C77: =[1]OB_PT勿删!O14 -> 110 | D77: =[1]OB_PT勿删!P14 -> 189 | E77: =[1]OB_PT勿删!Q14 -> 191 | F77: =[1]OB_PT勿删!R14 -> 206 | G77: =[1]OB_PT勿删!S14 -> 264 | H77: =[1]OB_PT勿删!T14 -> 279 | I77: =[1]OB_PT勿删!U14 -> 304 | J77: =[1]OB_PT勿删!V14 -> 370 | K77: =[1]OB_PT勿删!W14 -> 500
A78: 300.5 | B78: 99999 | C78: =[1]OB_PT勿删!O15 -> 119 | D78: =[1]OB_PT勿删!P15 -> 210 | E78: =[1]OB_PT勿删!Q15 -> 211 | F78: =[1]OB_PT勿删!R15 -> 228 | G78: =[1]OB_PT勿删!S15 -> 294 | H78: =[1]OB_PT勿删!T15 -> 311 | I78: =[1]OB_PT勿删!U15 -> 340 | J78: =[1]OB_PT勿删!V15 -> 407 | K78: =[1]OB_PT勿删!W15 -> 552
A81: Premium 9:00: add 269.00 CNY to the DHL EXPRESS WORLDWIDE rate DHL朝九特派：在环球快递价格基础上加收 269.00 CNY 元。
A83: Premium 10:30: add 199.00 CNY to the DHL EXPRESS WORLDWIDE rate DHL十点半特派：在环球快递价格基础上加收 199.00 CNY 元。
A85: Premium 12:00: add 69.00 CNY to the DHL EXPRESS WORLDWIDE rate DHL正午特派：在环球快递价格基础上加收 69.00 CNY 元。
A88: 此价格以人民币计价，不包含增值税及其他政府税费，增值税将依据中国税法规定另行收取。
A89: All Rates stated here are in CNY. Exclude value-added tax and any other governmental taxes and fees. Value-added tax shall be borne by service purchaser in accordance with relevant China tax laws and regulations.
A92: 附加费、增值服务等相关费用的收费标准以交寄快件时，DHL快递官方网站: https://mydhlplus.dhl.com/cn/zh/home.html最新公布的价格为准。
A93: Details of the surcharge, value-added service fees and other relevant fees will be shown on DHL-Sinotrans website at https://mydhlplus.dhl.com/cn/en/home.html

Sheet 3 进口基准价格
A1: 2026 DHL EXPRESS WORLDWIDE IMPORT PUBLISH RATE
A2: 2026 环球快递进口基准价格
A4: Documents up to 2.0 KG (2.0 KG 内文件)
A5: KG | C5: Zone 1 | D5: Zone 2 | E5: Zone 3 | F5: Zone 4 | G5: Zone 5 | H5: Zone 6 | I5: Zone 7 | J5: Zone 8 | K5: Zone 9
A6: 0.5 | C6: =[2]IB_PT勿删!C18 -> 213 | D6: =[2]IB_PT勿删!D18 -> 293 | E6: =[2]IB_PT勿删!E18 -> 284 | F6: =[2]IB_PT勿删!F18 -> 312 | G6: =[2]IB_PT勿删!G18 -> 447 | H6: =[2]IB_PT勿删!H18 -> 491 | I6: =[2]IB_PT勿删!I18 -> 513 | J6: =[2]IB_PT勿删!J18 -> 636 | K6: =[2]IB_PT勿删!K18 -> 898
A7: 1 | C7: =[2]IB_PT勿删!C19 -> 288 | D7: =[2]IB_PT勿删!D19 -> 410 | E7: =[2]IB_PT勿删!E19 -> 396 | F7: =[2]IB_PT勿删!F19 -> 430 | G7: =[2]IB_PT勿删!G19 -> 596 | H7: =[2]IB_PT勿删!H19 -> 692 | I7: =[2]IB_PT勿删!I19 -> 720 | J7: =[2]IB_PT勿删!J19 -> 875 | K7: =[2]IB_PT勿删!K19 -> 1199
A8: 1.5 | C8: =[2]IB_PT勿删!C20 -> 363 | D8: =[2]IB_PT勿删!D20 -> 527 | E8: =[2]IB_PT勿删!E20 -> 508 | F8: =[2]IB_PT勿删!F20 -> 549 | G8: =[2]IB_PT勿删!G20 -> 745 | H8: =[2]IB_PT勿删!H20 -> 893 | I8: =[2]IB_PT勿删!I20 -> 927 | J8: =[2]IB_PT勿删!J20 -> 1114 | K8: =[2]IB_PT勿删!K20 -> 1500
A9: 2 | C9: =[2]IB_PT勿删!C21 -> 438 | D9: =[2]IB_PT勿删!D21 -> 644 | E9: =[2]IB_PT勿删!E21 -> 620 | F9: =[2]IB_PT勿删!F21 -> 668 | G9: =[2]IB_PT勿删!G21 -> 894 | H9: =[2]IB_PT勿删!H21 -> 1094 | I9: =[2]IB_PT勿删!I21 -> 1134 | J9: =[2]IB_PT勿删!J21 -> 1353 | K9: =[2]IB_PT勿删!K21 -> 1801
A11: Non-documents from 0.5 KG & Documents from 2.5 KG (0.5 KG 以上包裹和 2.5 KG 以上文件)
A12: KG | C12: Zone 1 | D12: Zone 2 | E12: Zone 3 | F12: Zone 4 | G12: Zone 5 | H12: Zone 6 | I12: Zone 7 | J12: Zone 8 | K12: Zone 9
A13: 0.5 | C13: =[2]IB_PT勿删!O18 -> 351 | D13: =[2]IB_PT勿删!P18 -> 475 | E13: =[2]IB_PT勿删!Q18 -> 444 | F13: =[2]IB_PT勿删!R18 -> 527 | G13: =[2]IB_PT勿删!S18 -> 530 | H13: =[2]IB_PT勿删!T18 -> 545 | I13: =[2]IB_PT勿删!U18 -> 693 | J13: =[2]IB_PT勿删!V18 -> 889 | K13: =[2]IB_PT勿删!W18 -> 1334
A14: 1 | C14: =[2]IB_PT勿删!O19 -> 427 | D14: =[2]IB_PT勿删!P19 -> 584 | E14: =[2]IB_PT勿删!Q19 -> 562 | F14: =[2]IB_PT勿删!R19 -> 643 | G14: =[2]IB_PT勿删!S19 -> 696 | H14: =[2]IB_PT勿删!T19 -> 723 | I14: =[2]IB_PT勿删!U19 -> 873 | J14: =[2]IB_PT勿删!V19 -> 1122 | K14: =[2]IB_PT勿删!W19 -> 1631
A15: 1.5 | C15: =[2]IB_PT勿删!O20 -> 503 | D15: =[2]IB_PT勿删!P20 -> 693 | E15: =[2]IB_PT勿删!Q20 -> 680 | F15: =[2]IB_PT勿删!R20 -> 759 | G15: =[2]IB_PT勿删!S20 -> 862 | H15: =[2]IB_PT勿删!T20 -> 909 | I15: =[2]IB_PT勿删!U20 -> 1053 | J15: =[2]IB_PT勿删!V20 -> 1355 | K15: =[2]IB_PT勿删!W20 -> 1928
A16: 2 | C16: =[2]IB_PT勿删!O21 -> 579 | D16: =[2]IB_PT勿删!P21 -> 802 | E16: =[2]IB_PT勿删!Q21 -> 798 | F16: =[2]IB_PT勿删!R21 -> 875 | G16: =[2]IB_PT勿删!S21 -> 1028 | H16: =[2]IB_PT勿删!T21 -> 1095 | I16: =[2]IB_PT勿删!U21 -> 1233 | J16: =[2]IB_PT勿删!V21 -> 1588 | K16: =[2]IB_PT勿删!W21 -> 2225
A17: 2.5 | C17: =[2]IB_PT勿删!O22 -> 655 | D17: =[2]IB_PT勿删!P22 -> 911 | E17: =[2]IB_PT勿删!Q22 -> 916 | F17: =[2]IB_PT勿删!R22 -> 993 | G17: =[2]IB_PT勿删!S22 -> 1194 | H17: =[2]IB_PT勿删!T22 -> 1272 | I17: =[2]IB_PT勿删!U22 -> 1413 | J17: =[2]IB_PT勿删!V22 -> 1821 | K17: =[2]IB_PT勿删!W22 -> 2522
A18: 3 | C18: =[2]IB_PT勿删!O23 -> 728 | D18: =[2]IB_PT勿删!P23 -> 1019 | E18: =[2]IB_PT勿删!Q23 -> 1024 | F18: =[2]IB_PT勿删!R23 -> 1105 | G18: =[2]IB_PT勿删!S23 -> 1353 | H18: =[2]IB_PT勿删!T23 -> 1444 | I18: =[2]IB_PT勿删!U23 -> 1604 | J18: =[2]IB_PT勿删!V23 -> 2054 | K18: =[2]IB_PT勿删!W23 -> 2818
A19: 3.5 | C19: =[2]IB_PT勿删!O24 -> 801 | D19: =[2]IB_PT勿删!P24 -> 1127 | E19: =[2]IB_PT勿删!Q24 -> 1132 | F19: =[2]IB_PT勿删!R24 -> 1217 | G19: =[2]IB_PT勿删!S24 -> 1512 | H19: =[2]IB_PT勿删!T24 -> 1616 | I19: =[2]IB_PT勿删!U24 -> 1795 | J19: =[2]IB_PT勿删!V24 -> 2287 | K19: =[2]IB_PT勿删!W24 -> 3114
A20: 4 | C20: =[2]IB_PT勿删!O25 -> 874 | D20: =[2]IB_PT勿删!P25 -> 1235 | E20: =[2]IB_PT勿删!Q25 -> 1240 | F20: =[2]IB_PT勿删!R25 -> 1329 | G20: =[2]IB_PT勿删!S25 -> 1671 | H20: =[2]IB_PT勿删!T25 -> 1788 | I20: =[2]IB_PT勿删!U25 -> 1986 | J20: =[2]IB_PT勿删!V25 -> 2520 | K20: =[2]IB_PT勿删!W25 -> 3410
A21: 4.5 | C21: =[2]IB_PT勿删!O26 -> 947 | D21: =[2]IB_PT勿删!P26 -> 1343 | E21: =[2]IB_PT勿删!Q26 -> 1348 | F21: =[2]IB_PT勿删!R26 -> 1441 | G21: =[2]IB_PT勿删!S26 -> 1830 | H21: =[2]IB_PT勿删!T26 -> 1960 | I21: =[2]IB_PT勿删!U26 -> 2177 | J21: =[2]IB_PT勿删!V26 -> 2753 | K21: =[2]IB_PT勿删!W26 -> 3706
A22: 5 | C22: =[2]IB_PT勿删!O27 -> 1020 | D22: =[2]IB_PT勿删!P27 -> 1451 | E22: =[2]IB_PT勿删!Q27 -> 1456 | F22: =[2]IB_PT勿删!R27 -> 1553 | G22: =[2]IB_PT勿删!S27 -> 1989 | H22: =[2]IB_PT勿删!T27 -> 2132 | I22: =[2]IB_PT勿删!U27 -> 2368 | J22: =[2]IB_PT勿删!V27 -> 2986 | K22: =[2]IB_PT勿删!W27 -> 4002
A23: 5.5 | C23: =[2]IB_PT勿删!O28 -> 1089 | D23: =[2]IB_PT勿删!P28 -> 1554 | E23: =[2]IB_PT勿删!Q28 -> 1562 | F23: =[2]IB_PT勿删!R28 -> 1664 | G23: =[2]IB_PT勿删!S28 -> 2133 | H23: =[2]IB_PT勿删!T28 -> 2304 | I23: =[2]IB_PT勿删!U28 -> 2541 | J23: =[2]IB_PT勿删!V28 -> 3196 | K23: =[2]IB_PT勿删!W28 -> 4269
A24: 6 | C24: =[2]IB_PT勿删!O29 -> 1158 | D24: =[2]IB_PT勿删!P29 -> 1657 | E24: =[2]IB_PT勿删!Q29 -> 1668 | F24: =[2]IB_PT勿删!R29 -> 1775 | G24: =[2]IB_PT勿删!S29 -> 2277 | H24: =[2]IB_PT勿删!T29 -> 2476 | I24: =[2]IB_PT勿删!U29 -> 2714 | J24: =[2]IB_PT勿删!V29 -> 3406 | K24: =[2]IB_PT勿删!W29 -> 4536
... A72: 30 | C72: =[2]IB_PT勿删!O77 -> 3510 | D72: =[2]IB_PT勿删!P77 -> 6001 | E72: =[2]IB_PT勿删!Q77 -> 6076 | F72: =[2]IB_PT勿删!R77 -> 6523 | G72: =[2]IB_PT勿删!S77 -> 8429 | H72: =[2]IB_PT勿删!T77 -> 8912 | I72: =[2]IB_PT勿删!U77 -> 9698 | J72: =[2]IB_PT勿删!V77 -> 11826 | K72: =[2]IB_PT勿删!W77 -> 15992
A74: Multiplier rate per 1 KG from 30.1 KG (30.1 KG起，每1 KG 公斤单价)
A75: From | B75: To | C75: Zone 1 | D75: Zone 2 | E75: Zone 3 | F75: Zone 4 | G75: Zone 5 | H75: Zone 6 | I75: Zone 7 | J75: Zone 8 | K75: Zone 9
A76: 30.5 | B76: 70 | C76: =[2]IB_PT勿删!O13 -> 111 | D76: =[2]IB_PT勿删!P13 -> 190 | E76: =[2]IB_PT勿删!Q13 -> 192 | F76: =[2]IB_PT勿删!R13 -> 207 | G76: =[2]IB_PT勿删!S13 -> 265 | H76: =[2]IB_PT勿删!T13 -> 280 | I76: =[2]IB_PT勿删!U13 -> 306 | J76: =[2]IB_PT勿删!V13 -> 372 | K76: =[2]IB_PT勿删!W13 -> 503
A77: 70.5 | B77: 300 | C77: =[2]IB_PT勿删!O14 -> 111 | D77: =[2]IB_PT勿删!P14 -> 190 | E77: =[2]IB_PT勿删!Q14 -> 192 | F77: =[2]IB_PT勿删!R14 -> 207 | G77: =[2]IB_PT勿删!S14 -> 265 | H77: =[2]IB_PT勿删!T14 -> 280 | I77: =[2]IB_PT勿删!U14 -> 306 | J77: =[2]IB_PT勿删!V14 -> 372 | K77: =[2]IB_PT勿删!W14 -> 503
A78: 300.5 | B78: 99999 | C78: =[2]IB_PT勿删!O15 -> 129 | D78: =[2]IB_PT勿删!P15 -> 227 | E78: =[2]IB_PT勿删!Q15 -> 228 | F78: =[2]IB_PT勿删!R15 -> 246 | G78: =[2]IB_PT勿删!S15 -> 318 | H78: =[2]IB_PT勿删!T15 -> 336 | I78: =[2]IB_PT勿删!U15 -> 367 | J78: =[2]IB_PT勿删!V15 -> 440 | K78: =[2]IB_PT勿删!W15 -> 596
A82: Premium 12:00: add 69.00 CNY to the DHL EXPRESS WORLDWIDE rate DHL正午特派：在环球快递价格基础上加收 69.00 CNY 元。
A85: 此价格以人民币计价，不包含增值税及其他政府税费，增值税将依据中国税法规定另行收取。
A86: All Rates stated here are in CNY. Exclude value-added tax and any other governmental taxes and fees. Value-added tax shall be borne by service purchaser in accordance with relevant China tax laws and regulations.
A89: 附加费、增值服务等相关费用的收费标准以交寄快件时，DHL快递官方网站: https://mydhlplus.dhl.com/cn/zh/home.html最新公布的价格为准。
A90: Details of the surcharge, value-added service fees and other relevant fees will be shown on DHL-Sinotrans website at https://mydhlplus.dhl.com/cn/en/home.html

Sheet 4 第三方（CN)付款基准价格
A1: 2026 DHL EXPRESS WORLDWIDE THIRD COUNTRY PUBLISH RATE
A2: 2026 环球快递进口到付第三方(中国)付款基准价格
A4: Documents up to 2.0 KG (2.0 KG 内文件)
A5: KG | C5: Zone 1 | D5: Zone 2 | E5: Zone 3 | F5: Zone 4 | G5: Zone 5 | H5: Zone 6 | I5: Zone 7 | J5: Zone 8
A6: 0.5 | C6: ='[2]3C_PT'!C18 -> 504 | D6: ='[2]3C_PT'!D18 -> 601 | E6: ='[2]3C_PT'!E18 -> 651 | F6: ='[2]3C_PT'!F18 -> 700 | G6: ='[2]3C_PT'!G18 -> 753 | H6: ='[2]3C_PT'!H18 -> 802 | I6: ='[2]3C_PT'!I18 -> 900 | J6: ='[2]3C_PT'!J18 -> 1002
A7: 1 | C7: ='[2]3C_PT'!C19 -> 704 | D7: ='[2]3C_PT'!D19 -> 842 | E7: ='[2]3C_PT'!E19 -> 914 | F7: ='[2]3C_PT'!F19 -> 981 | G7: ='[2]3C_PT'!G19 -> 1056 | H7: ='[2]3C_PT'!H19 -> 1123 | I7: ='[2]3C_PT'!I19 -> 1261 | J7: ='[2]3C_PT'!J19 -> 1403
A8: 1.5 | C8: ='[2]3C_PT'!C20 -> 855 | D8: ='[2]3C_PT'!D20 -> 1025 | E8: ='[2]3C_PT'!E20 -> 1110 | F8: ='[2]3C_PT'!F20 -> 1195 | G8: ='[2]3C_PT'!G20 -> 1283 | H8: ='[2]3C_PT'!H20 -> 1364 | I8: ='[2]3C_PT'!I20 -> 1533 | J8: ='[2]3C_PT'!J20 -> 1706
A9: 2 | C9: ='[2]3C_PT'!C21 -> 1006 | D9: ='[2]3C_PT'!D21 -> 1208 | E9: ='[2]3C_PT'!E21 -> 1306 | F9: ='[2]3C_PT'!F21 -> 1409 | G9: ='[2]3C_PT'!G21 -> 1510 | H9: ='[2]3C_PT'!H21 -> 1605 | I9: ='[2]3C_PT'!I21 -> 1805 | J9: ='[2]3C_PT'!J21 -> 2009
A11: Non-documents from 0.5 KG & Documents from 2.5 KG (0.5 KG 以上包裹和 2.5 KG 以上文件)
A12: KG | C12: Zone 1 | D12: Zone 2 | E12: Zone 3 | F12: Zone 4 | G12: Zone 5 | H12: Zone 6 | I12: Zone 7 | J12: Zone 8
A13: 0.5 | C13: ='[2]3C_PT'!N18 -> 504 | D13: ='[2]3C_PT'!O18 -> 601 | E13: ='[2]3C_PT'!P18 -> 753 | F13: ='[2]3C_PT'!Q18 -> 802 | G13: ='[2]3C_PT'!R18 -> 851 | H13: ='[2]3C_PT'!S18 -> 949 | I13: ='[2]3C_PT'!T18 -> 1101 | J13: ='[2]3C_PT'!U18 -> 1199
A14: 1 | C14: ='[2]3C_PT'!N19 -> 704 | D14: ='[2]3C_PT'!O19 -> 842 | E14: ='[2]3C_PT'!P19 -> 1016 | F14: ='[2]3C_PT'!Q19 -> 1083 | G14: ='[2]3C_PT'!R19 -> 1154 | H14: ='[2]3C_PT'!S19 -> 1270 | I14: ='[2]3C_PT'!T19 -> 1462 | J14: ='[2]3C_PT'!U19 -> 1600
A15: 1.5 | C15: ='[2]3C_PT'!N20 -> 855 | D15: ='[2]3C_PT'!O20 -> 1025 | E15: ='[2]3C_PT'!P20 -> 1212 | F15: ='[2]3C_PT'!Q20 -> 1297 | G15: ='[2]3C_PT'!R20 -> 1381 | H15: ='[2]3C_PT'!S20 -> 1511 | I15: ='[2]3C_PT'!T20 -> 1734 | J15: ='[2]3C_PT'!U20 -> 1903
A16: 2 | C16: ='[2]3C_PT'!N21 -> 1006 | D16: ='[2]3C_PT'!O21 -> 1208 | E16: ='[2]3C_PT'!P21 -> 1408 | F16: ='[2]3C_PT'!Q21 -> 1511 | G16: ='[2]3C_PT'!R21 -> 1608 | H16: ='[2]3C_PT'!S21 -> 1752 | I16: ='[2]3C_PT'!T21 -> 2006 | J16: ='[2]3C_PT'!U21 -> 2206
A17: 2.5 | C17: ='[2]3C_PT'!N22 -> 1157 | D17: ='[2]3C_PT'!O22 -> 1373 | E17: ='[2]3C_PT'!P22 -> 1604 | F17: ='[2]3C_PT'!Q22 -> 1725 | G17: ='[2]3C_PT'!R22 -> 1835 | H17: ='[2]3C_PT'!S22 -> 1993 | I17: ='[2]3C_PT'!T22 -> 2278 | J17: ='[2]3C_PT'!U22 -> 2509
A18: 3 | C18: ='[2]3C_PT'!N23 -> 1224 | D18: ='[2]3C_PT'!O23 -> 1449 | E18: ='[2]3C_PT'!P23 -> 1706 | F18: ='[2]3C_PT'!Q23 -> 1854 | G18: ='[2]3C_PT'!R23 -> 1986 | H18: ='[2]3C_PT'!S23 -> 2167 | I18: ='[2]3C_PT'!T23 -> 2470 | J18: ='[2]3C_PT'!U23 -> 2763
A19: 3.5 | C19: ='[2]3C_PT'!N24 -> 1291 | D19: ='[2]3C_PT'!O24 -> 1525 | E19: ='[2]3C_PT'!P24 -> 1808 | F19: ='[2]3C_PT'!Q24 -> 1983 | G19: ='[2]3C_PT'!R24 -> 2137 | H19: ='[2]3C_PT'!S24 -> 2341 | I19: ='[2]3C_PT'!T24 -> 2662 | J19: ='[2]3C_PT'!U24 -> 3017
A20: 4 | C20: ='[2]3C_PT'!N25 -> 1358 | D20: ='[2]3C_PT'!O25 -> 1601 | E20: ='[2]3C_PT'!P25 -> 1910 | F20: ='[2]3C_PT'!Q25 -> 2112 | G20: ='[2]3C_PT'!R25 -> 2288 | H20: ='[2]3C_PT'!S25 -> 2515 | I20: ='[2]3C_PT'!T25 -> 2854 | J20: ='[2]3C_PT'!U25 -> 3271
A21: 4.5 | C21: ='[2]3C_PT'!N26 -> 1425 | D21: ='[2]3C_PT'!O26 -> 1677 | E21: ='[2]3C_PT'!P26 -> 2012 | F21: ='[2]3C_PT'!Q26 -> 2241 | G21: ='[2]3C_PT'!R26 -> 2439 | H21: ='[2]3C_PT'!S26 -> 2689 | I21: ='[2]3C_PT'!T26 -> 3046 | J21: ='[2]3C_PT'!U26 -> 3525
A22: 5 | C22: ='[2]3C_PT'!N27 -> 1492 | D22: ='[2]3C_PT'!O27 -> 1753 | E22: ='[2]3C_PT'!P27 -> 2114 | F22: ='[2]3C_PT'!Q27 -> 2370 | G22: ='[2]3C_PT'!R27 -> 2590 | H22: ='[2]3C_PT'!S27 -> 2863 | I22: ='[2]3C_PT'!T27 -> 3238 | J22: ='[2]3C_PT'!U27 -> 3779
A23: 5.5 | C23: ='[2]3C_PT'!N28 -> 1554 | D23: ='[2]3C_PT'!O28 -> 1824 | E23: ='[2]3C_PT'!P28 -> 2208 | F23: ='[2]3C_PT'!Q28 -> 2486 | G23: ='[2]3C_PT'!R28 -> 2733 | H23: ='[2]3C_PT'!S28 -> 3023 | I23: ='[2]3C_PT'!T28 -> 3421 | J23: ='[2]3C_PT'!U28 -> 4020
A24: 6 | C24: ='[2]3C_PT'!N29 -> 1616 | D24: ='[2]3C_PT'!O29 -> 1895 | E24: ='[2]3C_PT'!P29 -> 2302 | F24: ='[2]3C_PT'!Q29 -> 2602 | G24: ='[2]3C_PT'!R29 -> 2876 | H24: ='[2]3C_PT'!S29 -> 3183 | I24: ='[2]3C_PT'!T29 -> 3604 | J24: ='[2]3C_PT'!U29 -> 4261
... A72: 30 | C72: ='[2]3C_PT'!N77 -> 4432 | D72: ='[2]3C_PT'!O77 -> 5143 | E72: ='[2]3C_PT'!P77 -> 6614 | F72: ='[2]3C_PT'!Q77 -> 7970 | G72: ='[2]3C_PT'!R77 -> 9380 | H72: ='[2]3C_PT'!S77 -> 10703 | I72: ='[2]3C_PT'!T77 -> 12188 | J72: ='[2]3C_PT'!U77 -> 15109
A74: Adder rate per additional 1 KG from 30.1 KG (30.1 KG 起，每1 KG续重)
A75: From | B75: To | C75: Zone 1 | D75: Zone 2 | E75: Zone 3 | F75: Zone 4 | G75: Zone 5 | H75: Zone 6 | I75: Zone 7 | J75: Zone 8
A76: 30.5 | B76: 70 | C76: ='[2]3C_PT'!N13 -> 102 | D76: ='[2]3C_PT'!O13 -> 120 | E76: ='[2]3C_PT'!P13 -> 151 | F76: ='[2]3C_PT'!Q13 -> 210 | G76: ='[2]3C_PT'!R13 -> 241 | H76: ='[2]3C_PT'!S13 -> 303 | I76: ='[2]3C_PT'!T13 -> 343 | J76: ='[2]3C_PT'!U13 -> 401
A77: 70.5 | B77: 300 | C77: ='[2]3C_PT'!N14 -> 102 | D77: ='[2]3C_PT'!O14 -> 120 | E77: ='[2]3C_PT'!P14 -> 151 | F77: ='[2]3C_PT'!Q14 -> 210 | G77: ='[2]3C_PT'!R14 -> 241 | H77: ='[2]3C_PT'!S14 -> 303 | I77: ='[2]3C_PT'!T14 -> 343 | J77: ='[2]3C_PT'!U14 -> 401
A78: 300.5 | B78: 99999 | C78: ='[2]3C_PT'!N15 -> 118 | D78: ='[2]3C_PT'!O15 -> 139 | E78: ='[2]3C_PT'!P15 -> 175 | F78: ='[2]3C_PT'!Q15 -> 232 | G78: ='[2]3C_PT'!R15 -> 278 | H78: ='[2]3C_PT'!S15 -> 350 | I78: ='[2]3C_PT'!T15 -> 396 | J78: ='[2]3C_PT'!U15 -> 463
A81: Premium 9:00: add 269.00 CNY to the DHL EXPRESS WORLDWIDE rate DHL朝九特派：在环球快递价格基础上加收 269.00 CNY 元。
A83: Premium 10:30: add 199.00 CNY to the DHL EXPRESS WORLDWIDE rate DHL十点半特派：在环球快递价格基础上加收 199.00 CNY 元。
A85: Premium 12:00: add 69.00 CNY to the DHL EXPRESS WORLDWIDE rate DHL正午特派：在环球快递价格基础上加收 69.00 CNY 元。
A88: 此价格以人民币计价，不包含增值税及其他政府税费，增值税将依据中国税法规定另行收取。
A89: All Rates stated here are in CNY. Exclude value-added tax and any other governmental taxes and fees. Value-added tax shall be borne by service purchaser in accordance with relevant China tax laws and regulations.
A92: 附加费、增值服务等相关费用的收费标准以交寄快件时，DHL快递官方网站: https://mydhlplus.dhl.com/cn/zh/home.html最新公布的价格为准。
A93: Details of the surcharge, value-added service fees and other relevant fees will be shown on DHL-Sinotrans website at https://mydhlplus.dhl.com/cn/en/home.html
A95: 上述价格不含进口到付第三方国内产品（如 美国发至美国）。
A96: Above rate is not offer to DHL EXPRESS DOMESTIC THIRD COUNTRY (e.g. ship from USA to USA).
